 Dungeon Crawl Stone Soup version 0.27.0-1-g7a089689b8 (webtiles) character file.

Game seed: 6443520227316386961

78 Anon1729 the Skirmisher (level 4, -2/41 HPs)
             Began as a Minotaur Monk on Aug 15, 2021.
             Was an Initiate of Ru.
             Killed from afar by an orc wizard (7 damage)
             ... with a puff of flame
             ... on level 3 of the Dungeon.
             The game lasted 00:02:36 (1613 turns).

Anon1729 the Skirmisher (Minotaur Monk)             Turns: 1613, Time: 00:02:37

Health: -2/41      AC:  4    Str: 16    XL:     4   Next: 15%
Magic:  3/3        EV: 13    Int:  7    God:    Ru [......]
Gold:   145        SH:  0    Dex: 13    Spells: 3/3 levels left

rFire    . . .     SeeInvis .   a - +0 falchion
rCold    . . .     Faith    .   (no shield)
rNeg     . . .     Spirit   .   b - +0 robe
rPois    .         Reflect  .   (helmet restricted)
rElec    .         Harm     .   (no cloak)
rCorr    .         Rampage  .   (no gloves)
Will     .....                  f - +1 pair of boots {Fly}
Stlth    ..........             (no amulet)
HPRegen  0.13/turn              (no ring)
MPRegen  0.08/turn              (no ring)

@: lethally poisoned (-2 -> -5), flying
A: horns 2, no stealth, retaliatory headbutt
a: Renounce Religion


You were on level 3 of the Dungeon.
You worshipped Ru.
Ru was noncommittal.
You visited 1 branch of the dungeon, and saw 3 of its levels.

You collected 145 gold pieces.

Inventory:

Hand Weapons
 a - a +0 falchion (weapon)
Armour
 b - a +0 robe (worn)
 f - a +1 pair of boots of flying (worn)
Scrolls
 d - 3 scrolls of identify {unknown}
 e - 3 scrolls of teleportation {unknown}
 h - a scroll of holy word {unknown}
Potions
 c - 2 potions of heal wounds {unknown}
 g - a potion of might {unknown}
 i - 2 potions of attraction {unknown}
 j - 2 potions of brilliance {unknown}
 k - a potion of cancellation {unknown}
 l - a potion of curing {unknown}


   Skills:
 + Level 4.6 Fighting
 + Level 4.5 Long Blades
 + Level 4.1 Dodging
   Level 0.0 Stealth


You had 3 spell levels left.
You didn't know any spells.
Your spell library contained the following spells:

 Spells                   Type           Power      Damage    Failure   Level
 Blink                    Tloc           N/A        N/A       56%         2
 Slow                     Hex            0%         N/A       56%         2
 Confusing Touch          Hex            0%         N/A       80%         3
 Teleport Other           Tloc           0%         N/A       80%         3
 Vampiric Draining        Necr           0%         2d6       80%         3
 Malign Gateway           Summ/Tloc      0%         N/A       100%        7


Dungeon Overview and Level Annotations

Branches:
Dungeon (3/15)

Altars:
Ru

Annotations:
D:3 Sigmund


Innate Abilities, Weirdness & Mutations

You have a pair of horns on your head.
You cannot be stealthy.
You reflexively headbutt those who attack you in melee.


Message History

The orc wizard gestures at you while chanting.
You are more confused.
The orc wizard casts a spell.
The orc wizard flickers and vanishes!
Deactivating autopickup; reactivate with Ctrl-A.
The orc barely misses you.
An endoplasm comes into view.
Unknown command.
Unknown command.
The orc wizard gestures at you while chanting.
You resist with some effort. The goblin barely misses you. The orc misses you.
The adder bites you.
The orc wizard points at you and mumbles some strange words.
The magic dart hits you.
You hit the orc.
You kill the orc!
The adder barely misses you.
Sigmund says, "Now you see me, now you don't..."
The goblin hits you but does no damage.
You're too confused to move!
The adder bites you.
You are poisoned.
The adder poisons you! Sigmund closely misses you.
A puff of flame appears from out of thin air!
The puff of flame hits you! The goblin hits you but does no damage.
The adder closely misses you.
You feel sick.
Found a stone staircase leading up.
You feel sick.
The orc wizard hits you but does no damage.
You miss the orc wizard.
You feel less confused.
You feel sick. The adder bites you.
Sigmund hits you from afar with a +0 scythe!
* * * LOW HITPOINT WARNING * * *
The adder misses you. You furiously retaliate!
You headbutt the adder!
You riposte.
You barely miss the adder.
The adder is severely wounded.
The orc wizard casts a spell at you. The puff of flame hits you!
You die...

...####.. ....... ........#
.....#..... #......##
.........<. #....... #.........#
......## #.........# ## #.
#...###.........# #.
#.##...[...J...... #†
####..#.##....o#..######## ##†
#....>......)@S@.........#####.†
#.###.#..#.(.g##########....#...
..........#..# ###..........
.....###.....## ##...####...#†
####.......##..####..##.........
#.....†........#...###.........
#..#...##.#....................
...............................
......#####.######.............


You could see Sigmund, an orc wizard, an adder, an endoplasm and a goblin.

Vanquished Creatures
  An adder (D:2)
  A worm (D:2)
  2 dart slugs (D:2)
  An orc (D:3)
  4 endoplasms
  2 giant cockroaches (D:2)
  6 goblins
  10 hobgoblins
  4 jackals (D:3)
  4 quokkas
  2 ball pythons
  10 bats
  2 kobolds (D:1)
  4 rats
53 creatures vanquished.

Notes
Turn   | Place    | Note
-------+----------+-------------------------------------------
     0 | D:1      | Anon1729 the Minotaur Monk began the quest for the Orb.
     0 | D:1      | Reached XP level 1. HP: 19/19 MP: 0/0
   181 | D:1      | Reached XP level 2. HP: 27/27 MP: 1/1
   366 | D:1      | Found a faded altar of an unknown god.
   384 | D:1      | Became a worshipper of Ru the Awakened
   385 | D:1      | Gained mutation: You cannot be stealthy. [Ru sacrifice]
   449 | D:2      | Reached XP level 3. HP: 32/33 MP: 2/2
   451 | D:2      | Found a sacrificial altar of Ru.
  1496 | D:3      | Reached XP level 4. HP: 41/41 MP: 3/3
  1563 | D:3      | Got the Catalogue of Supportive Dislocation
  1598 | D:3      | Noticed Sigmund
  1613 | D:3      | Killed from afar by an orc wizard

Illustrated notes

Levels and vault maps discovered:
D:1:      scummos_arrival_hexagon, layout_rooms,
          hellmonk_ecumenical_altar_inner_sanctum, chequers_serial_rivers_room_a
D:2:      cheibrodos_greedy_goblins, layout_basic, basic_altar,
          minmay_heptomino_d4
D:3:      layout_rooms, serial_bayou_lake_a, uniq_sigmund

Skill      XL: |  1  2  3 |
---------------+----------+-----
Fighting       | 4 |  4.6
Long Blades    | 4 |  4.5
Stealth        | 0 |  0.0
Dodging        | 4 |  4.1

Action                   |  1- 3 |  4- 6 || total
-------------------------+-------+-------++-------
Melee: Falchion          |    81 |    16 ||    97
       Headbutt          |    17 |     1 ||    18
Invok: Sacrifice Stealth |     1 |       ||     1
 Stab: Sleeping          |     2 |       ||     2
Armor: Robe              |    19 |    10 ||    29
Dodge: Dodged            |    62 |    31 ||    93
       Rpst.: Falchion   |    11 |     5 ||    16
